 Dungeon Sprint DCSS version 0.24-a0-535-gbb0d440 (webtiles) character file.

Game seed: 14719270165065609509

2994 silentkaos13 the Grappler (level 9, -7/101 HPs)
             Began as a Troll Monk on Aug 11, 2019.
             Was a Priest of Makhleb.
             Mangled by a centaur warrior (10 damage)
             ... in the Dungeon (Sprint I: "Red Sonja").
             The game lasted 00:02:23 (402 turns).

silentkaos13 the Grappler (Troll Monk)               Turns: 402, Time: 00:02:24

Health: -7/101     AC:  8    Str: 24    XL:     9   Next: 54%
Magic:  8/8        EV: 14    Int:  6    God:    Makhleb [***...]
Gold:   635        SH:  0    Dex: 12    Spells: 8/8 levels left

rFire    . . .     SeeInvis .     - Unarmed
rCold    . . .     Gourm    +   (no shield)
rNeg     . . .     Faith    .   j - +0 troll leather armour
rPois    .         Spirit   .   (helmet restricted)
rElec    .         Reflect  .   (no cloak)
rCorr    .         Harm     .   (gloves unavailable)
MR       .....     NoTele   +   (boots unavailable)
Stlth    ++........             (no amulet)
HPRegen  1.06/turn              (no ring)
MPRegen  0.11/turn              (no ring)

@: no status effects
A: large, unfitting armour, claws 3, fast metabolism 3, gourmand, regeneration
1, shaggy fur 1, tough skin 3
a: Minor Destruction, Lesser Servant of Makhleb, Renounce Religion


You were in the Dungeon.
You worshipped Makhleb.
Makhleb was most pleased with you.
You were very full.

You visited 1 branch You collected 635 gold pieces.

Inventory:

Armour
 a - a +0 robe
 j - a +0 troll leather armour (worn)
Jewellery
 k - an uncursed ring of stealth {unknown}
Wands
 l - a wand of flame (19)
Scrolls
 h - a scroll of blinking
 i - a scroll of remove curse {unknown}
Potions
 c - a potion of curing
 e - a potion of haste
 f - 2 potions of magic
 g - a potion of berserk rage
Comestibles
 b - 2 rations


   Skills:
 + Level 10.0 Fighting
 + Level 0.8 Armour
 + Level 10.1 Dodging
 + Level 3.8 Stealth
 + Level 13.9 Unarmed Combat


You had 8 spell levels left.
You didn't know any spells.
Your spell library was empty.

Dungeon Overview and Level Annotations

Branches:
Dungeon (1/1)

Altars:
Cheibriados
Dithmenos
Elyvilon
Fedhas
Gozag
Hepliaklqana
Kikubaaqudgha
Makhleb
Nemelex Xobeh
Okawaru
Qazlal
Ru
Sif Muna
Trog
Uskayaw
Vehumet
Wu Jian
Xom
Yredelemnul
Zin
The Shining One
Jiyva
Lugonu

Shops:
D (:[


Innate Abilities, Weirdness & Mutations

You are too large for most types of armour.
You have claws for hands.
Your metabolism is lightning-fast.
You like to eat raw meat.
Your natural rate of healing is unusually fast.
You are covered in fur. (AC +1)
You have extremely tough skin. (AC +3)


Message History

You completely miss the centaur warrior.
The centaur warrior is severely wounded.
The centaur warrior hits you. The centaur warrior hits you!
* * * LOW HITPOINT WARNING * * *
You scratch the centaur warrior.
The centaur warrior is almost dead.
The centaur warrior hits you!
* * * LOW HITPOINT WARNING * * *
You closely miss the centaur warrior.
The centaur warrior is almost dead.
The centaur warrior hits you!
* * * LOW HITPOINT WARNING * * *
Unknown command.
You barely miss the centaur warrior.
The centaur warrior is almost dead.
The centaur warrior hits you but does no damage.
You barely miss the centaur warrior.
The centaur warrior is almost dead.
The centaur warrior hits you!
You die...

#######################
#.[').#..'..#__#..')..#
'..#..').#..'^.'..#)..#
#####'#####'#__####...+
####..#...#.####!!#####
#__####..##.#§§§§c#
#_____##'#_.+§§§@§+
#_.∩...'..._#§§§§§#
#_..__##_.#'##'####
#_____###'#(#.)§(###
#########.####'###)##
.......'...'÷....'.∩#
++++####.).##########
##.## #+#


You could see a centaur warrior.

Vanquished Creatures
  A centaur warrior (D)
  Sonja (D)
  A deep troll (D)
  2 kobold demonologists (D)
  A slime creature (D)
  Sigmund (D)
  A yak (D)
  A floating eye (D)
  An ogre (D)
  A jelly (D)
  Ijyb (D)
12 creatures vanquished.

Notes
Turn   | Place    | Note
-------+----------+-------------------------------------------
     0 | D        | silentkaos13 the Troll Monk began the quest for the Orb.
     0 | D        | Reached XP level 1. HP: 22/22 MP: 0/0
     1 | D        | Noticed Ijyb
    10 | D        | Killed Ijyb
    10 | D        | Reached skill level 4 in Unarmed Combat
    10 | D        | Reached XP level 2. HP: 26/31 MP: 1/1
    20 | D        | Noticed an ogre
    24 | D        | Killed an ogre
    24 | D        | Reached skill level 6 in Unarmed Combat
    24 | D        | Reached XP level 3. HP: 22/40 MP: 2/2
    24 | D        | Reached XP level 4. HP: 27/49 MP: 3/3
    66 | D        | Noticed Sigmund
    72 | D        | Killed Sigmund
    72 | D        | Reached skill level 7 in Unarmed Combat
    72 | D        | Reached XP level 5. HP: 59/59 MP: 4/4
    72 | D        | Reached XP level 6. HP: 67/67 MP: 5/5
    86 | D        | Found an ornate altar of the Wu Jian Council.
    86 | D        | Found a shimmering blue altar of Sif Muna.
    88 | D        | Found a radiant altar of Vehumet.
    93 | D        | Reached skill level 8 in Unarmed Combat
   102 | D        | Found a burning altar of Makhleb.
   102 | D        | Found a viscous altar of Jiyva.
   102 | D        | Found a shimmering altar of Xom.
   102 | D        | Found a corrupted altar of Lugonu.
   102 | D        | Noticed a slime creature
   108 | D        | Killed a slime creature
   108 | D        | Reached skill level 9 in Unarmed Combat
   111 | D        | Became a worshipper of Makhleb the Destroyer
   111 | D        | Reached * piety under Makhleb
   111 | D        | Reached ** piety under Makhleb
   135 | D        | Found Verch's Book Emporium.
   135 | D        | Found an ancient bone altar of Kikubaaqudgha.
   135 | D        | Found a hazy altar of Hepliaklqana.
   135 | D        | Found a stormy altar of Qazlal.
   135 | D        | Found a hide-covered altar of Uskayaw.
   135 | D        | Found a blossoming altar of Fedhas.
   135 | D        | Found a bloodstained altar of Trog.
   135 | D        | Found an iron altar of Okawaru.
   135 | D        | Found a basalt altar of Yredelemnul.
   135 | D        | Found a glowing golden altar of the Shining One.
   135 | D        | Found a snail-covered altar of Cheibriados.
   135 | D        | Found a sacrificial altar of Ru.
   135 | D        | Found a glowing silver altar of Zin.
   135 | D        | Found a shadowy altar of Dithmenos.
   135 | D        | Found a white marble altar of Elyvilon.
   135 | D        | Noticed a yak
   136 | D        | Found an opulent altar of Gozag.
   137 | D        | Killed a yak
   137 | D        | Reached XP level 7. HP: 78/78 MP: 6/6
   138 | D        | Found a sparkling altar of Nemelex Xobeh.
   166 | D        | Noticed a kobold demonologist
   166 | D        | Noticed a kobold demonologist
   168 | D        | Noticed a red devil
   168 | D        | Reached skill level 10 in Unarmed Combat
   172 | D        | Killed a kobold demonologist
   172 | D        | Reached skill level 11 in Unarmed Combat
   173 | D        | Noticed a chaos spawn
   176 | D        | Noticed a smoke demon
   178 | D        | Killed a kobold demonologist
   178 | D        | Reached *** piety under Makhleb
   178 | D        | Reached XP level 8. HP: 68/89 MP: 7/7
   194 | D        | Noticed Sonja
   198 | D        | Killed Sonja
   198 | D        | Reached skill level 12 in Unarmed Combat
   213 | D        | Found Bevvalow's Weapon Boutique.
   233 | D        | Noticed a deep troll
   237 | D        | Killed a deep troll
   237 | D        | Reached skill level 13 in Unarmed Combat
   237 | D        | Reached XP level 9. HP: 100/100 MP: 8/8
   365 | D        | Found Vuahud's Armour Emporium.
   383 | D        | Noticed a centaur warrior
   384 | D        | Noticed a centaur warrior
   391 | D        | Killed a centaur warrior
   391 | D        | Reached skill level 10 in Fighting
   391 | D        | Reached skill level 10 in Dodging
   400 | D        | HP: 1/101 [centaur warrior (11)]
   402 | D        | Mangled by a centaur warrior

Levels and vault maps discovered:
D:        dungeon_sprint_1 [red_sonja_temple_1, red_sonja_temple_small_1]

Skill      XL: |  1  2  3  4  5  6  7  8  9 |
---------------+----------------------------+-----
Fighting       | 3 4 6 7 8 9 10 | 10.0
Dodging        | 3 4 6 7 8 9 10 | 10.1
Unarmed Combat | 4 6 7 9 11 13 | 13.9
Stealth        | 2 3 |  3.8
Armour         | |  0.8

Action                   |  1- 3 |  4- 6 |  7- 9 || total
-------------------------+-------+-------+-------++-------
Melee: Unarmed           |    10 |    13 |    30 ||    53
       Punch             |       |     1 |     2 ||     3
  Use: Potion            |       |       |     1 ||     1
 Stab: Sleeping          |     1 |     1 |     1 ||     3
  Eat: Chunk             |     2 |     1 |     5 ||     8
Armor: Robe              |     1 |       |     3 ||     4
       Troll leather arm |       |       |     4 ||     4
Dodge: Dodged            |     4 |     7 |    14 ||    25

Table legend:
 A = Non-vault XP
 B = Vault XP
 C = Vault XP percentage of total XP
 D = Non-vault monster count
 E = Vault monster count
 F = Vault count percentage of total count
                 A         B        C        D         E       F
            +---------+---------+-------+---------+---------+-------
      Total |       0 |    4278 | 100.0 |       0 |      12 | 100.0
            +---------+---------+-------+---------+---------+-------
          D |       0 |    4278 | 100.0 |       0 |      12 | 100.0
            +---------+---------+-------+---------+---------+-------
